 Dungeon Crawl Stone Soup version 0.31-a0-208-gdb31a4691d (webtiles) character file.

Game seed: 2573889619709894870

91 Anon1729 the Cutter (level 4, -5/34 HPs)
             Began as a Demonspawn Gladiator on June 28, 2023.
             Killed by nerve-wracking pain
             ... invoked by Jessica
              (8 damage)
             ... on level 2 of the Dungeon.
             The game lasted 00:00:59 (1350 turns).

Anon1729 the Cutter (Demonspawn Gladiator)          Turns: 1350, Time: 00:01:00

Health: -5/34      AC:  4    Str: 14    XL:     4   Next: 33%
Magic:  5/5        EV: 13    Int:  9    God:
Gold:   110        SH:  0    Dex: 17    Spells: 3/3 levels left

rFire   . . .        a - +0 rapier
rCold   . . .        (no shield)
rNeg    . . .        b - +0 leather armour
rPois   .            c - +0 helmet
rElec   .            (no cloak)
rCorr   .            (no gloves)
SInv    .            (no boots)
Will    .....        (no amulet)
Stlth   +            (no ring)
HPRegen 0.25/turn    (no ring)
MPRegen 0.09/turn

%: no passive effects
@: no status effects
A: ignite blood 2, powered by pain 1
a: no special abilities


You were on level 2 of the Dungeon.
You visited 1 branch of the dungeon, and saw 2 of its levels.

You collected 110 gold pieces.

Inventory:

Hand Weapons
 a - a +0 rapier (weapon)
Missiles
 d - 3 throwing nets (quivered)
 e - a javelin
Armour
 b - a +0 leather armour (worn)
 c - a +0 helmet (worn)
Jewellery
 g - an amulet of reflection
Wands
 l - a wand of polymorph (8)
Scrolls
 i - 2 scrolls of identify {unknown}
 j - a scroll of torment {unknown}
Potions
 f - a potion of ambrosia {unknown}
 h - a potion of might {unknown}
 k - a potion of curing {unknown}


   Skills:
 + Level 2.6 Fighting
 * Level 3.5 Short Blades
 - Level 1.7 Throwing
 + Level 1.1 Armour
 + Level 3.1 Dodging
 + Level 1.7 Invocations


You had 3 spell levels left.
You didn't know any spells.
Your spell library was empty.

Dungeon Overview and Level Annotations

Branches:
Dungeon (2/15)

Altars:
Sif Muna

Annotations:
D:2 Jessica


Innate Abilities, Weirdness & Mutations

Your demonic aura often causes spilled blood to erupt in flames.
You sometimes gain a little power by taking damage.


Message History

Found an escape hatch in the floor.
There is an escape hatch in the floor here.
You now have 110 gold pieces (gained 9).
Jessica the Apprentice Sorceress comes into view.
She is wielding a +3 dagger of holy wrath.
Jessica shouts!
A dart slug comes into view.
Jessica casts a spell at you. Pain shoots through your body!
You hit Jessica.
Jessica is moderately wounded.
Jessica shouts, "Stop bothering me, or I'll kill you!"
Jessica gestures wildly while chanting.
Jessica seems to speed up.
There are monsters nearby!
You closely miss Jessica.
Jessica is moderately wounded.
Jessica hits you with a +3 dagger of holy wrath.
You convulse.
Jessica hits you with a +3 dagger of holy wrath.
You convulse.
There are monsters nearby!
You are too injured to fight recklessly!
You are too injured to fight recklessly!
You are too injured to fight recklessly!
You are too injured to fight recklessly!
You hit Jessica but do no damage.
Jessica is moderately wounded.
Jessica hits you with a +3 dagger of holy wrath.
You convulse.
* * * LOW HITPOINT WARNING * * *
Jessica barely misses you.
Okay, then.
Jessica attacks as you move away!
Jessica hits you with a +3 dagger of holy wrath.
* * * LOW HITPOINT WARNING * * *
You convulse.
* * * LOW HITPOINT WARNING * * *
Jessica gestures at you while chanting. Pain shoots through your body!
You die...

~##~# . ~##~# .##
~~#~# ..# #~#~#
#.# #~#~# #.#
#~~## #w# #~~~#
#@# ###~# #○#
#.#~# #@# .<####
#.# .....# #.#
..##.# #.#
.<##.###########.#
####...........>.#
###############


You could see a dart slug and Jessica (fast).

Vanquished Creatures
  Terence (D:2)
  A gnoll (D:1)
  2 adders (D:2)
  A worm (D:2)
  3 dart slugs
  A ball python (D:2)
  3 endoplasms
  2 giant cockroaches (D:1)
  2 goblins (D:2)
  2 hobgoblins
  3 bats
  2 frilled lizards
  10 rats
33 creatures vanquished.

Notes
Turn   | Place    | Note
-------+----------+-------------------------------------------
     0 | D:1      | Anon1729 the Demonspawn Gladiator began the quest for the
                  | Orb.
     0 | D:1      | Reached XP level 1. HP: 16/16 MP: 1/1
   236 | D:1      | Gained mutation: You sometimes gain a little power by
                  | taking damage. [demonic ancestry]
   236 | D:1      | Reached XP level 2. HP: 22/22 MP: 2/2
   405 | D:1      | Reached skill level 1 in Invocations
   692 | D:2      | Gained mutation: Your demonic aura sometimes causes spilled
                  | blood to erupt in flames. [demonic ancestry]
   692 | D:2      | Reached XP level 3. HP: 17/28 MP: 3/3
   860 | D:2      | Found a shimmering blue altar of Sif Muna.
  1118 | D:2      | Noticed Terence
  1131 | D:2      | Killed Terence
  1132 | D:2      | Reached skill level 1 in Armour
  1132 | D:2      | Gained mutation: Your demonic aura often causes spilled
                  | blood to erupt in flames. [demonic ancestry]
  1132 | D:2      | Reached XP level 4. HP: 21/34 MP: 5/5
  1343 | D:2      | Noticed Jessica
  1350 | D:2      | Killed from afar by Jessica

Illustrated notes

Levels and vault maps discovered:
D:1:      dpeg_arrival_round_c, layout_rooms, dk_noncrumbling_2,
          ebering_dispersal_statue_hall, st_stairs_3
D:2:      layout_loops_ring, serial_rivers, chequers_serial_rivers_large_b,
          chequers_serial_rivers_micro_a, chequers_serial_rivers_micro_a,
          chequers_serial_rivers_small_3, basic_altar, uniq_jessica,
          uniq_terence

Skill      XL: |  1  2  3 |
---------------+----------+-----
Short Blades   | 3 |  3.5
Invocations    | 1 |  1.7
Dodging        | 3 |  3.1
Armour         | 1 |  1.1
Fighting       | |  2.6
Throwing       | |  1.7

Action                     |  1- 3 |  4- 6 || total
---------------------------+-------+-------++-------
  Melee: Rapier            |   105 |    16 ||   121
         Unarmed           |    11 |     1 ||    12
    Use: Potion            |     2 |       ||     2
   Stab: Sleeping          |     2 |       ||     2
 Armour: Leather armour    |    38 |     5 ||    43
  Dodge: Dodged            |    79 |     8 ||    87

Table legend: (Time is in decaauts)
 A = Elapsed time spent in this place.
 B = Non-inter-level travel time spent in this place.
 C = Inter-level travel time spent in this place.
 D = Time resting spent in this place.
 E = Time spent auto-exploring this place.
 F = Levels seen in this place.
 G = Mean time per level.
                   A        B        C        D        E       F      G
               +--------+--------+--------+--------+--------+-----+--------+
         Total |   1383 |   1336 |     47 |     25 |   1047 |   2 |  691.5 |
       Dungeon |   1383 |   1336 |     47 |     25 |   1047 |   2 |  691.5 |
               +--------+--------+--------+--------+--------+-----+--------+

Top non-repeatable levels by time:
     D:2: 698 daAuts
     D:1: 684 daAuts
